 Dungeon Crawl Stone Soup version 0.27.1-33-g824d729ab1 (webtiles) character file.

Game seed: 5230591844989483428

236 Jabberih the Chiller (level 6, -15/41 HPs)
             Began as a Merfolk Ice Elementalist on Dec 1, 2021.
             Demolished by an ogre (28 damage)
             ... on level 4 of the Dungeon.
             The game lasted 00:08:25 (3796 turns).

Jabberih the Chiller (Merfolk Ice Elementalist)     Turns: 3796, Time: 00:08:25

Health: -15/41     AC: 10    Str:  9    XL:     6   Next: 6%
Magic:  10/18      EV: 11    Int: 15    God:
Gold:   169        SH:  0    Dex: 15    Spells: 2/9 levels left

rFire    . . .     SeeInvis .   u - +2 falchion (vorpal)
rCold    . . .     Faith    .   (no shield)
rNeg     . . .     Spirit   .   k - +0 ring mail
rPois    .         Reflect  .   (no helmet)
rElec    .         Harm     .   n - +0 cloak
rCorr    .         Rampage  .   (no gloves)
Will     .....                  s - +0 pair of boots
Stlth    +.........             (no amulet)
HPRegen  0.13/turn              g - ring of magical power
MPRegen  0.16/turn              (no ring)

@: ice-armoured, freezing walls, very slightly contaminated
A: (nimble swimmer 2), mertail
a: no special abilities


You were on level 4 of the Dungeon.
You visited 1 branch of the dungeon, and saw 4 of its levels.

You collected 169 gold pieces.

Inventory:

Hand Weapons
 c - a +0 hunting sling
 f - a +0 morningstar
 u - a +2 vorpal falchion (weapon)
 x - a +0 trident
Missiles
 b - 3 boomerangs
 e - 126 stones
 h - 10 poisoned darts
Armour
 a - a +0 robe
 k - a +0 ring mail (worn)
 n - a +0 cloak (worn)
 s - a +0 pair of boots (worn)
Jewellery
 g - a ring of magical power (left hand)
 p - an amulet of regeneration
 r - an amulet of faith
Scrolls
 d - a scroll of identify {unknown}
 m - a scroll of fog {unknown}
 o - 2 scrolls of teleportation {unknown}
 t - a scroll of enchant armour {unknown}
 v - a scroll of enchant weapon {unknown}
 w - a scroll of fear {unknown}
Potions
 i - a potion of degeneration {unknown}
 j - a potion of ambrosia {unknown}
 l - a potion of flight {unknown}
 q - a potion of curing


   Skills:
 - Level 3.0 Dodging
 - Level 2.2 Stealth
 - Level 2.1 Spellcasting
 + Level 7.6 Ice Magic


You had 2 spell levels left.
You knew the following spells:

 Your Spells              Type           Power      Damage    Failure   Level
a - Freeze                Ice            96%        1d11      2%          1
b - Frozen Ramparts       Ice            48%        1d6       8%          3
c - Ozocubu's Armour      Ice            24%        N/A       8%          3

Your spell library contained the following spells:

 Spells                   Type           Power      Damage    Failure   Level
 Static Discharge         Conj/Air       1%         N/A       67%         2
 Hailstorm                Conj/Ice       13%        3d5       77%         4
 Gell's Gravitas          Tloc           0%         N/A       88%         3
 Teleport Other           Tloc           1%         N/A       88%         3
 Lightning Bolt           Conj/Air       0%         1d11      100%        5
 Dispersal                Tloc           0%         N/A       100%        6
 Maxwell's Capacitive Co  Air            0%         ∞         100%        8


Dungeon Overview and Level Annotations

Branches:
Dungeon (4/15)             Temple (0/1) D:4

Altars:
Ashenzari

Annotations:
D:4 2 transporters


Innate Abilities, Weirdness & Mutations

((You are quick and stealthy near water. (Stealth+, EV+, Speed+++)))
Your lower body shifts to a powerful aquatic tail in water.


Message History

You hit the dart slug.
The dart slug is severely wounded.
The dart slug barely misses you.
You hit the dart slug.
You kill the dart slug!
Found a battleaxe.
Casting: Frozen Ramparts (dangerous; 8% risk of failure)
Confirm with . or Enter, or press ? or * to list all spells.
Casting: Frozen Ramparts (dangerous; 8% risk of failure)
Press: ? - help, Dir - look around, f - activate You miscast Frozen Ramparts.
You are very lightly contaminated with residual magic.
Nothing appears to happen.
The ogre completely misses you.
Unknown command.
Casting: Frozen Ramparts (dangerous; 8% risk of failure)
Confirm with . or Enter, or press ? or * to list all spells.
Casting: Frozen Ramparts (dangerous; 8% risk of failure)
Press: ? - help, Dir - look around, f - activate The walls around you are covered in ice.
Unknown command.
Casting: Frozen Ramparts (dangerous; 8% risk of failure)
Confirm with . or Enter, or press ? or * to list all spells.
A film of ice covers your body!
The wall freezes the ogre.
The ogre closely misses you.
Unknown command.
Your ring mail prevents you from hitting the ogre.
The ogre is lightly wounded.
The wall freezes the ogre!
The ogre hits you with a +0 giant club!
You hit the ogre.
The ogre is moderately wounded.
The wall freezes the ogre.
The ogre hits you with a +0 giant club!
Unknown command.
You aren't carrying any items that you can evoke without wielding.
Okay, then.
You hit the ogre.
The ogre is severely wounded.
The wall freezes the ogre.
The ogre hits you with a +0 giant club!!
Ouch! That really hurt!
You die...

....# #. #.#
######.#.####.# ....
.........# .#.##
.##.###.## .... # #.###.#
... .# #.....# .) ..
#####.## .#.#.##
.O.....#.###.......
#####.###.O@.....# ##
#.#####.### ###.####
########..........#
#........#######..#
#.#####.......##..# ##
#.# #..####.##..# ##. #.#
#.......##..# #########.#
#.#
#..###..##..###........##


You could see an ogre.

Vanquished Creatures
  A scorpion (D:4)
  An orc priest (D:4)
  An orc wizard (D:4)
  An adder (D:3)
  An adder skeleton (D:4)
  4 worms
  2 dart slugs (D:4)
  4 orcs
  7 ball pythons
  12 endoplasms
  5 giant cockroaches
  9 goblins
  4 hobgoblins
  7 jackals
  3 quokkas
  5 bats
  15 frilled lizards
  4 kobolds
  4 rats
90 creatures vanquished.

Vanquished Creatures (others)
  7 plants (D:1)
7 creatures vanquished.

Grand Total: 97 creatures vanquished

Notes
Turn   | Place    | Note
-------+----------+-------------------------------------------
     0 | D:1      | Jabberih the Merfolk Ice Elementalist began the quest for
                  | the Orb.
     0 | D:1      | Reached XP level 1. HP: 13/13 MP: 3/3
   238 | D:1      | Reached XP level 2. HP: 19/19 MP: 3/5
   430 | D:1      | Reached skill level 5 in Ice Magic
   963 | D:1      | Reached XP level 3. HP: 18/24 MP: 6/6
  2036 | D:2      | Found a broken altar of Ashenzari.
  2093 | D:2      | Reached XP level 4. HP: 29/30 MP: 7/7
  2354 | D:2      | Reached skill level 6 in Ice Magic
  2534 | D:3      | Found a faded altar of an unknown god.
  2600 | D:3      | Learned a level 3 spell: Frozen Ramparts
  2604 | D:3      | Learned a level 3 spell: Ozocubu's Armour
  3053 | D:4      | Found a transporter.
  3195 | D:4      | Found a transporter.
  3235 | D:4      | Reached XP level 5. HP: 16/35 MP: 7/8
  3238 | D:4      | Reached skill level 7 in Ice Magic
  3663 | D:4      | Reached XP level 6. HP: 41/41 MP: 9/9
  3670 | D:4      | Found a staircase to the Ecumenical Temple.
  3796 | D:4      | Demolished by an ogre

Illustrated notes

Levels and vault maps discovered:
D:1:      minmay_arrival_five_plusses, layout_loops_ring, minmay_lizard_king
D:2:      minmay_wonky_spiral, layout_basic, basic_altar, item_on_display_a
D:3:      layout_rooms, dreamdust_ecumenical_altar_hidden_monk_grotto,
          patterned_corridor
D:4:      gammafunk_steamed_eel, layout_loops_corners,
          minmay_temple_entry_offerings

Skill      XL: |  1  2  3  4  5 |
---------------+----------------+-----
Ice Magic      | 5 6 7 |  7.6
Dodging        | 3 |  3.0
Stealth        | |  2.2
Spellcasting   | |  2.1

Action                   |  1- 3 |  4- 6 || total
-------------------------+-------+-------++-------
Melee: Unarmed           |     3 |       ||     3
       Morningstar       |    58 |     6 ||    64
       Falchion          |       |    21 ||    21
       Trident           |       |     3 ||     3
 Cast: Freeze            |    60 |    50 ||   110
       Frozen Ramparts   |       |     4 ||     4
       Ozocubu's Armour  |       |     1 ||     1
  Use: Potion            |       |     1 ||     1
Armor: Robe              |    18 |       ||    18
       Ring mail         |     2 |    26 ||    28
Dodge: Dodged            |    81 |    41 ||   122
       Rpst.: Falchion   |       |     5 ||     5
